 Dungeon Crawl Stone Soup version 0.27.1 (webtiles) character file.

Game seed: 2959465979740167224

212 speeev33 the Skirmisher (level 5, -3/48 HPs)
             Began as a Hill Orc Fighter on Sept 4, 2021.
             Succumbed to a scorpion's poison
             ... on level 3 of the Dungeon.
             The game lasted 00:04:37 (2261 turns).

speeev33 the Skirmisher (Hill Orc Fighter)          Turns: 2261, Time: 00:04:38

Health: -3/48      AC:  8    Str: 20    XL:     5   Next: 89%
Magic:  5/5        EV:  7    Int:  8    God:
Gold:   78         SH:  9    Dex: 10    Spells: 4/4 levels left

rFire    + . .     SeeInvis +   a - +0 war axe
rCold    . . .     Faith    .   c - +0 kite shield
rNeg     . . .     Spirit   .   b - +0 scale mail
rPois    .         Reflect  .   (no helmet)
rElec    .         Harm     .   (no cloak)
rCorr    .         Rampage  .   k - +0 pair of gloves
Will     .....                  (no boots)
Stlth    ..........             (no amulet)
HPRegen  0.16/turn              e - ring of protection from fire
MPRegen  0.09/turn              i - ring of see invisible

@: lethally poisoned (-3 -> -14)
A: no striking features
a: no special abilities


You were on level 3 of the Dungeon.
You visited 1 branch of the dungeon, and saw 3 of its levels.

You collected 78 gold pieces.

Inventory:

Hand Weapons
 a - a +0 war axe (weapon)
Armour
 b - a +0 scale mail (worn)
 c - a +0 kite shield (worn)
 k - a +0 pair of gloves (worn)
Jewellery
 e - a ring of protection from fire (left hand)
 i - a ring of see invisible (right hand)
Scrolls
 g - 2 scrolls of teleportation
 l - 2 scrolls of summoning
 m - a scroll of torment {unknown}
Potions
 d - 2 potions of might
 f - a potion of flight {unknown}
 h - a potion of experience {unknown}
 j - 2 potions of haste


   Skills:
 + Level 5.3 Fighting
 + Level 5.0 Axes
 - Level 3.2 Armour
 + Level 4.8 Shields


You had 4 spell levels left.
You didn't know any spells.
Your spell library contained the following spells:

 Spells                   Type           Power      Damage    Failure   Level
 Beastly Appendage        Tmut           0%         N/A       99%         1
 Wereblood                Tmut           0%         N/A       100%        2
 Spider Form              Tmut/Pois      0%         N/A       100%        3
 Stone Arrow              Conj/Erth      0%         3d7       100%        3
 Animate Armour           Summ/Erth      0%         N/A       100%        4
 Lehudib's Crystal Spear  Conj/Erth      0%         10d2      100%        8


Dungeon Overview and Level Annotations

Branches:
Dungeon (3/15)

Altars:

Shops:
D:1 ?(*[!


Message History

The scorpion stings you. x2
You are lethally poisoned!
The scorpion poisons you!
You are too injured to fight recklessly!
You are too injured to fight recklessly!
You are too injured to fight recklessly!
You are too injured to fight recklessly!
You are too injured to fight recklessly!
You are too injured to fight recklessly!
You are too injured to fight recklessly!
You are too injured to fight recklessly!
You are too injured to fight recklessly!
You are too injured to fight recklessly!
You are too injured to fight recklessly!
You are too injured to fight recklessly!
You are too injured to fight recklessly!
You are too injured to fight recklessly!
You are too injured to fight recklessly!
You are too injured to fight recklessly!
You are too injured to fight recklessly!
You are too injured to fight recklessly!
You are too injured to fight recklessly!
You are too injured to fight recklessly!
You are too injured to fight recklessly!
You hit the scorpion but do no damage.
The scorpion is severely wounded.
* * * LOW HITPOINT WARNING * * *
You feel very sick. The scorpion stings you.
* * * LOW HITPOINT WARNING * * *
The scorpion stings you but does no damage.
You closely miss the scorpion.
The scorpion is severely wounded.
* * * LOW HITPOINT WARNING * * *
You feel very sick. You block the scorpion's attack. The scorpion stings you.
* * * LOW HITPOINT WARNING * * *
You closely miss the scorpion.
The scorpion is severely wounded.
You die...

####### #.....# ###.###.# #
#.#.# #.# #.###
#.#.###.##......
#...#...@s...... ##
#.###+#.##....... .#
#............... .#
#................ .#
#.............#.# # .##
#.....#..##...#.# .# ..#
#.....#..##...#.##.#+##
..#######.....................#
.......##>.....................


You could see a scorpion.

Vanquished Creatures
  Sigmund (D:2)
  An adder (D:2)
  A dart slug (D:3)
  An orc (D:3)
  A bat (D:2)
  5 endoplasms
  5 giant cockroaches
  3 goblins
  8 hobgoblins
  2 quokkas
  4 ball pythons
  5 frilled lizards
  2 kobolds
  A rat (D:1)
  A spectral hobgoblin (D:2)
41 creatures vanquished.

Vanquished Creatures (collateral kills)
  A kobold (D:3)
1 creature vanquished.

Vanquished Creatures (others)
  A plant (D:1)
1 creature vanquished.

Grand Total: 43 creatures vanquished

Notes
Turn   | Place    | Note
-------+----------+-------------------------------------------
     0 | D:1      | speeev33 the Hill Orc Fighter began the quest for the Orb.
     0 | D:1      | Reached XP level 1. HP: 19/19 MP: 1/1
   141 | D:1      | Reached XP level 2. HP: 6/27 MP: 2/2
   459 | D:1      | Found Icoatu Rixo's Magic Scroll Boutique.
   511 | D:1      | Found Cudoj's Weapon Emporium.
   709 | D:1      | Found Ylaehief's Assorted Antiques.
   748 | D:1      | Found Qohaek's Armour Shoppe.
   785 | D:1      | Found Saumupe's Distillery.
   884 | D:2      | Found a faded altar of an unknown god.
   930 | D:2      | Reached XP level 3. HP: 31/33 MP: 3/3
  1205 | D:2      | Noticed Sigmund
  1215 | D:2      | Killed Sigmund
  1216 | D:2      | Reached skill level 5 in Fighting
  1216 | D:2      | Reached XP level 4. HP: 3/42 MP: 4/4
  1216 | D:2      | Reached XP level 5. HP: 3/48 MP: 5/5
  2021 | D:3      | Reached skill level 5 in Axes
  2260 | D:3      | HP: 1/48 [scorpion (2)]
  2261 | D:3      | Succumbed to a scorpion's poison

Illustrated notes

Levels and vault maps discovered:
D:1:      dpeg_arrival_arbitrary_b, layout_basic, serial_shops,
          nicolae_shop_statue_plus, nicolae_shop_statue_plus,
          nicolae_shop_statue_plus, nicolae_shop_overgrown_old_shop, shop,
          minmay_distorted
D:2:      layout_basic, dreamdust_ecumenical_altar_drowned_temple,
          minmay_misc_feat_enclosed, uniq_sigmund
D:3:      layout_basic, mainiacjoe_overflow_surrounded_room

Skill      XL: |  1  2  3  4  5 |
---------------+----------------+-----
Axes           | 3 4 5 |  5.0
Fighting       | 4 5 |  5.3
Shields        | 4 |  4.8
Armour         | |  3.2

Action                   |  1- 3 |  4- 6 || total
-------------------------+-------+-------++-------
Melee: War axe           |    69 |    48 ||   117
  Use: Scroll            |     4 |     5 ||     9
       Potion            |     1 |       ||     1
Armor: Scale mail        |    31 |    18 ||    49
Dodge: Dodged            |    16 |    13 ||    29
Block: Kite shield       |    31 |    19 ||    50
